 Dungeon Crawl Stone Soup version 0.29-a0-275-g389c0b56f3 (webtiles) character file.

Game seed: 8434600391169889747

101 jmlagarto the Cudgeller (level 4, -1/41 HPs)
             Began as a Minotaur Chaos Knight on Mar 12, 2022.
             Was a Plaything of Xom.
             Slain by a komodo dragon (shapeshifter) (19 damage)
             ... on level 3 of the Dungeon.
             The game lasted 00:04:32 (2047 turns).

jmlagarto the Cudgeller (Minotaur Chaos Knight)     Turns: 2047, Time: 00:04:32

Health: -1/41      AC:  9    Str: 18    XL:     4   Next: 48%
Magic:  3/3        EV:  3    Int:  9    God:    Xom [.....*]
Gold:   119        SH:  0    Dex: 10    Spells: 3/3 levels left

rFire   + + .      SeeInvis +   a - +0 mace (chaos)
rCold   + . .      Faith    .   j - +1 tower shield {rC+ rF+}
rNeg    . . .      Spirit   .   i - +0 chain mail {rPois}
rPois   +          Reflect  .   (helmet unavailable)
rElec   +          Harm     .   (no cloak)
rCorr   .          Rampage  .   (no gloves)
Will    .....                   (no boots)
Stlth   ..........              (no amulet)
HPRegen 0.13/turn               e - ring of protection from fire
MPRegen 0.08/turn               l - ring of see invisible

@: confused
A: horns 3, retaliatory headbutt, electricity resistance, MP-powered wands
a: Renounce Religion


You were on level 3 of the Dungeon.
You worshipped Xom.
You were Xom's teddy bear.
You visited 1 branch of the dungeon, and saw 3 of its levels.

You collected 119 gold pieces.

Inventory:

Hand Weapons
 a - a +0 mace of chaos (weapon)
Armour
 i - a +0 chain mail of poison resistance (worn)
 j - a +1 tower shield of resistance (worn)
Jewellery
 e - a ring of protection from fire (left hand)
 l - a ring of see invisible (right hand)
 m - a ring of resist corrosion
Scrolls
 b - a scroll of fear {unknown}
 d - 4 scrolls of vulnerability {unknown}
Potions
 f - 2 potions of haste {unknown}
 g - a potion of heal wounds {unknown}
 h - a potion of magic {unknown}
 k - a potion of attraction {unknown}
 n - a potion of flight {unknown}
Miscellaneous
 c - a piece from Xom's chessboard (14/15) (quivered)


   Skills:
 + Level 4.4 Fighting
 + Level 4.8 Maces & Flails
 + Level 3.4 Armour
 + Level 1.9 Dodging
 + Level 0.1 Stealth
 + Level 1.0 Shields


You had 3 spell levels left.
You didn't know any spells.
Your spell library contained the following spells:

 Spells                   Type           Power      Damage    Failure   Level
 Foxfire                  Conj/Fire      0%         2x1d4     100%        1
 Static Discharge         Conj/Air       0%         N/A       100%        2
 Conjure Flame            Conj/Fire      0%         6-21      100%        3
 Inner Flame              Hex/Fire       0%         N/A       100%        3
 Animate Dead             Necr           0%         N/A       100%        4
 Flame Wave               Conj/Fire      0%         2d4       100%        4
 Borgnjor's Vile Clutch   Necr/Erth      0%         N/A       100%        5
 Lightning Bolt           Conj/Air       0%         1d11      100%        5
 Death Channel            Necr           0%         N/A       100%        6
 Maxwell's Capacitive Co  Air            0%         ∞         100%        8


Dungeon Overview and Level Annotations

Branches:
Dungeon (3/15)

Altars:


Innate Abilities, Weirdness & Mutations

You have a pair of large horns on your head.
You reflexively headbutt those who attack you in melee.
You are resistant to electric shocks. (rElec)
You expend magic power (3 MP) to strengthen your wands.


Message History

The orc priest hits you but does no damage.
You hit the orc priest but do no damage.
You headbutt the orc priest!
The orc priest is heavily wounded.
The orc priest hits you but does no damage.
You thump the orc priest!
You kill the orc priest!
You hear Xom's maniacal cackling.
Your body is suffused with distortional energy.
The horns on your head grow some more.
You feel your magical essence link to the dungeon's wands.
You feel insulated. The orc wizard casts a spell at you.
You block the puff of flame. The orc hits you but does no damage.
You block the orc wizard's attack. You block the orc's attack.
The orc wizard hits you but does no damage.
Your piece from Xom's chessboard (15/15) has regained one charge.
Your Shields skill increases to level 1!
You hit the orc.
The orc changes into a shapeshifter!
The shapeshifter changes into a komodo dragon!
You block the orc wizard's attack. x2
Non-targeted evoke: piece from Xom's chessboard (15/15)
Press: ? - help, Q - select action Dir - look around, f - activate Look: a komodo dragon shaped shifter You make a move on Xom's chessboard...
The orc wizard resists with significant effort.
The orc wizard barely misses you. You furiously retaliate!
You headbutt the orc wizard. The orc wizard barely misses you.
You closely miss the komodo dragon. Your headbutt misses the komodo dragon.
You hear Xom's avuncular chuckle.
The orc wizard suddenly stops moving!
The orc wizard points at you and mumbles some strange words.
You are confused.
The komodo dragon bites you.
The orc wizard hits you but does no damage.
The komodo dragon bites you!
The komodo dragon attacks as you move away!
The komodo dragon bites you!!
You die...
Xom chuckles heartily!

♣..♣♣......
###..........
............
#.[........
#..........
#.<......#
##........#
#..........
#..@o......
#..ol......
#..........
#..........
##..$.....#
##......##
####.### .#


You could see a komodo dragon shaped shifter and 2 orc wizards.

Vanquished Creatures
  An orc priest (D:3)
  2 adders (D:2)
  2 worms (D:2)
  5 ball pythons
  3 bats
  6 endoplasms
  A giant cockroach (D:2)
  3 goblins
  4 hobgoblins
  3 jackals (D:2)
  4 quokkas
  4 frilled lizards (D:1)
  2 kobolds
  3 rats
43 creatures vanquished.

Vanquished Creatures (collateral kills)
  2 jackals (D:2)
2 creatures vanquished.

Grand Total: 45 creatures vanquished

Notes
Turn   | Place    | Note
-------+----------+-------------------------------------------
     0 | D:1      | jmlagarto the Minotaur Chaos Knight began the quest for the
                  | Orb.
     0 | D:1      | Reached XP level 1. HP: 19/19 MP: 0/0
    23 | D:1      | XOM: 1-stop teleportation journey
   269 | D:1      | Reached XP level 2. HP: 25/27 MP: 1/1
   564 | D:1      | Found a faded altar of an unknown god.
  1213 | D:2      | Reached XP level 3. HP: 33/33 MP: 2/2
  1264 | D:2      | XOM: summons friendly white imp
  1264 | D:2      | XOM: smoke on damage
  1598 | D:2      | XOM: silly message
  1836 | D:2      | Reached XP level 4. HP: 40/40 MP: 3/3
  2043 | D:3      | XOM: give mutations
  2043 | D:3      | Gained mutation: You have a pair of large horns on your
                  | head. [Xom's grace]
  2043 | D:3      | Gained mutation: You expend magic power (3 MP) to
                  | strengthen your wands. [Xom's grace]
  2043 | D:3      | Gained mutation: You are resistant to electric shocks.
                  | (rElec) [Xom's grace]
  2044 | D:3      | Reached skill level 1 in Shields
  2044 | D:3      | Noticed a shapeshifter
  2044 | D:3      | an orc changed into a shapeshifter
  2044 | D:3      | Noticed a komodo dragon
  2044 | D:3      | a shapeshifter changed into a komodo dragon
  2046 | D:3      | XOM: enchant monster (good)
  2047 | D:3      | Slain by a komodo dragon (shapeshifter)

Illustrated notes

Levels and vault maps discovered:
D:1:      evilmike_arrival_fibonacci_small, layout_basic,
          hellmonk_ecumenical_altar_arch_garden, minmay_pentomino_o2
D:2:      layout_basic, kennysheep_generic_room_2
D:3:      layout_rooms, serial_bayou_crossing

Skill      XL: |  1  2  3  4 |
---------------+-------------+-----
Fighting       | 4 |  4.4
Maces & Flails | 4 |  4.8
Armour         | 3 |  3.4
Shields        | 1 |  1.0
Dodging        | |  1.9
Stealth        | |  0.1

Action                   |  1- 3 |  4- 6 || total
-------------------------+-------+-------++-------
Melee: Mace              |    84 |    10 ||    94
       Headbutt          |     6 |     1 ||     7
Evoke: Piece from Xom's  |       |     2 ||     2
Armor: Leather armour    |    13 |       ||    13
       Chain mail        |    34 |     8 ||    42
Dodge: Dodged            |    31 |     4 ||    35
Block: Tower shield      |    29 |     7 ||    36

Table legend: (Time is in decaauts)
 A = Elapsed time spent in this place.
 B = Non-inter-level travel time spent in this place.
 C = Inter-level travel time spent in this place.
 D = Time resting spent in this place.
 E = Time spent auto-exploring this place.
 F = Levels seen in this place.
 G = Mean time per level.
                   A        B        C        D        E       F      G
               +--------+--------+--------+--------+--------+-----+--------+
         Total |   2088 |   2026 |     62 |      0 |   1684 |   3 |  696.0 |
       Dungeon |   2088 |   2026 |     62 |      0 |   1684 |   3 |  696.0 |
               +--------+--------+--------+--------+--------+-----+--------+

Top non-repeatable levels by time:
     D:1: 1095 daAuts
     D:2: 980 daAuts
     D:3: 12 daAuts
